 Dungeon Sprint DCSS version 0.31-a0-889-g1a8549509d (webtiles) character file.

Game seed: 13738138421290234522

870 sircluck the Grappler (level 7, 0/79 (81) HPs)
             Began as a Troll Berserker on Oct 16, 2023.
             Was a Priest of Trog.
             Slain by a chaos spawn (7 damage)
             ... summoned by a kobold demonologist
             ... in the Dungeon (Sprint VII: "The Pits").
             The game lasted 00:00:53 (146 turns).

sircluck the Grappler (Troll Berserker)              Turns: 146, Time: 00:00:54

HP:   0/79 (81)     AC:  4    Str: 28    XL:     7   Next: 73%
MP:   6/6           EV:  6    Int:  3    God:    Trog [***...]
Gold: 0             SH:  0    Dex:  9    Spells: 6/6 levels left

rFire   . .          .
                       - Unarmed
rCold   . . .        (no shield)
rNeg    . . .        a - +0 animal skin
rPois   .            (helmet restricted)
rElec   .            (no cloak)
rCorr   .            (gloves unavailable)
SInv    .            (boots unavailable)
Will    .....        (no amulet)
Stlth   +            (no ring)
HPRegen 1.13/turn    (no ring)
MPRegen 0.10/turn

%: no teleportation
@: petrifying, on berserk cooldown, slowed, lightly drained, very slow
A: large, unfitting armour, claws 3, regeneration 1, shaggy fur 1, tough skin 1
a: Renounce Religion, Berserk, Trog's Hand


You were in the Dungeon.
You worshipped Trog.
Trog was most pleased with you.
You visited 1 branch

Inventory:

Armour
 a - a +0 animal skin (worn)
Scrolls
 g - a scroll of blinking
Potions
 b - a potion of curing
 c - a potion of heal wounds
 d - a potion of haste
 e - 2 potions of magic
 f - a potion of berserk rage


   Skills:
 + Level 8.8 Fighting
 + Level 8.6 Dodging
 + Level 10.3 Unarmed Combat


You had 6 spell levels left.
You didn't know any spells.
Your spell library was empty.

Dungeon Overview and Level Annotations

Branches:
Dungeon (1/1)

Altars:


Innate Abilities, Weirdness & Mutations

You are too large for most types of armour.
You have claws for hands.
Your natural rate of healing is unusually fast.
You are covered in fur. (AC +1)
You have tough skin. (AC +1)


Message History

You kill the iron imp!
The iron imp disappears in a puff of smoke!
You mangle the iron imp!!
You kill the iron imp!
The iron imp disappears in a puff of smoke!
The chaos spawn hits you!
* * * LOW HITPOINT WARNING * * *
You are slowing down.
The quasit bites you but does no damage.
The quasit claws you but does no damage.
The quasit barely misses you.
Unknown command.
You are no longer berserk.
You are exhausted.
You feel yourself slow down.
The kobold brigand hits you with a +2 short sword of draining.
You feel drained.
The kobold demonologist hits you but does no damage.
The kobold demonologist barely misses you.
The quasit barely misses you. The quasit claws you.
The quasit closely misses you.
The iron imp sputters.
The chaos spawn barely misses you.
Unknown command.
Unknown command.
Unknown command.
Unknown command.
You mangle the kobold demonologist!!
The kobold demonologist is heavily wounded.
The quasit bites you.
* * * LOW HITPOINT WARNING * * *
The quasit completely misses you. The quasit barely misses you.
The kobold brigand hits you but does no damage.
You feel drained.
The kobold demonologist hits you with a +0 dagger.
* * * LOW HITPOINT WARNING * * *
The kobold demonologist hits you with a +0 dagger.
* * * LOW HITPOINT WARNING * * *
The chaos spawn gores you!
You die...

#######++##########
..............##..#
....#..#......##..#
..............)45.#
...........)..')@K#
....#..#......##KKK.....
..†...........##5K5.....
#'#####''###############
.....##''#####
.....##......+
.....##......+
.<...##.....##
.....##...###


You could see 2 kobold demonologists, a chaos spawn (summoned), 2 kobold
brigands, 2 iron imps, a quasit (summoned) and a kobold.

Vanquished Creatures
  A smoke demon (D)
  A kobold demonologist (D)
  A steam dragon (D)
  2 kobold brigands (D)
  A hell rat (D)
  A kobold (D)
7 creatures vanquished.

Notes
Turn   | Place    | Note
-------+----------+-------------------------------------------
     0 | D        | sircluck the Troll Berserker began the quest for the Orb.
     0 | D        | Reached XP level 1. HP: 22/22 MP: 0/0
    11 | D        | Noticed a smoke demon
    11 | D        | Noticed a steam dragon
    27 | D        | Killed a smoke demon
    28 | D        | Reached skill level 8 in Unarmed Combat
    28 | D        | Reached XP level 2. HP: 25/37 MP: 1/1
    28 | D        | Reached XP level 3. HP: 31/45 MP: 2/2
    28 | D        | Reached XP level 4. HP: 36/53 MP: 3/3
    28 | D        | Reached XP level 5. HP: 42/61 MP: 4/4
    28 | D        | Reached XP level 6. HP: 47/68 MP: 5/5
    30 | D        | Killed a steam dragon
    31 | D        | Reached skill level 9 in Unarmed Combat
   112 | D        | Reached ** piety under Trog
   123 | D        | Noticed a kobold demonologist
   123 | D        | Noticed a kobold demonologist
   123 | D        | Noticed a kobold demonologist
   129 | D        | Noticed a chaos spawn
   131 | D        | Reached XP level 7. HP: 35/79 MP: 6/6
   136 | D        | Killed a kobold demonologist
   137 | D        | Reached skill level 10 in Unarmed Combat
   138 | D        | Reached *** piety under Trog
   146 | D        | Slain by a chaos spawn

Illustrated notes

Levels and vault maps discovered:
D:        pitsprint [storerooms_1, entrance_room_1, metal_vault_4, armoury_1,
          mini_pit_1, grid_room_1, main_hall_1, silver_pit, the_coven_1,
          the_vestibule_1, steel_vault_5, golden_pit, hallway_of_sentries,
          crystal_vault_4, iron_vault_5, final_vault]

Skill      XL: |  1  2  3  4  5  6  7 |
---------------+----------------------+-----
Fighting       | 6 7 8 |  8.8
Dodging        | 6 7 8 |  8.6
Unarmed Combat | 8 9 10 | 10.3

Action                     |  1- 3 |  4- 6 |  7- 9 || total
---------------------------+-------+-------+-------++-------
  Melee: Unarmed           |     3 |    11 |    14 ||    28
         Punch             |     1 |     2 |       ||     3
 Invoke: Berserk           |     1 |     1 |       ||     2
 Armour: Animal skin       |     2 |    13 |    17 ||    32
  Dodge: Dodged            |     3 |     4 |    13 ||    20

Table legend: (Time is in decaauts)
 A = Elapsed time spent in this place.
 B = Non-inter-level travel time spent in this place.
 C = Inter-level travel time spent in this place.
 D = Time resting spent in this place.
 E = Time spent auto-exploring this place.
 F = Levels seen in this place.
 G = Mean time per level.
                   A        B        C        D        E       F      G
               +--------+--------+--------+--------+--------+-----+--------+
         Total |    150 |    150 |      0 |     68 |     11 |   1 |  150.0 |
       Dungeon |    150 |    150 |      0 |     68 |     11 |   1 |  150.0 |
               +--------+--------+--------+--------+--------+-----+--------+

Top non-repeatable levels by time:
       D: 150 daAuts
